 Dungeon Crawl Stone Soup version 0.28.0 (webtiles) character file.

Game seed: 2228077319867234049

367044 DildoBatman the Earth Mage (level 23, -3/211 (214) HPs)
             Began as a Formicid Conjurer on Feb 11, 2022.
             Was an Initiate of Gozag.
             Slain by a deep elf blademaster (5 damage)
             ... on level 2 of the Elven Halls on Feb 13, 2022.
             The game lasted 04:00:30 (53861 turns).

DildoBatman the Earth Mage (Formicid Conjurer)     Turns: 53861, Time: 04:00:30

HP:   -3/211 (214)  AC: 38    Str: 12    XL:     23   Next: 63%
MP:   25/48         EV: 15    Int: 30    God:    Gozag
Gold: 13461         SH: 12    Dex: 17    Spells: 3/46 levels left

rFire   . . .      SeeInvis +   b - +6 fustibalus "Exoizaeck" {venom, Int+5}
rCold   . . .      Faith    .   f - +0 kite shield {reflect}
rNeg    + + .      Spirit   .   (armour currently unavailable)
rPois   ∞          Reflect  +   (helmet unavailable)
rElec   +          Harm     .   d - +0 cloak {Stlth+}
rCorr   .          Rampage  .   (gloves currently unavailable)
Will    ++...      Clarity  +   (boots currently unavailable)
Stlth   +++.......              g - amulet of the acrobat
HPRegen 0.45/turn               K - ring of Basag {rElec rN+ MP+9 Int+2}
MPRegen 0.31/turn               P - ring "Deuc" {AC+4 Dex+2}

@: statue-form, lightly drained, very slow
A: slow and powerful, torment resistance 1, boosted hp, permanent stasis, dig
shafts and tunnels, antennae 3, four strong arms, clarity, clever 1, clumsy 1,
wild magic 1
}: 2/15 runes: decaying, gossamer
a: Dig, Shaft Self, End Transformation, Renounce Religion, Potion Petition, Call
Merchant, Bribe Branch


You were on level 2 of the Elven Halls.
You worshipped Gozag.
Gozag was extremely pleased with you.
You were a living statue of rough stone.
You visited 8 branches of the dungeon, and saw 39 of its levels.
You also visited: Ice Cave.

You collected 15169 gold pieces.
You spent 457 gold pieces at shops.
You paid 1251 gold pieces to Gozag.

Inventory:

Hand Weapons
 a - the +8 storm bow {elec, penet}
   (You found it on level 4 of the Spider Nest)

   Any ammunition fired from it occasionally discharges a powerful burst of
   electricity upon striking a foe.
   Any ammunition fired by it passes through the targets it hits, potentially
   hitting all targets in its path until it reaches maximum range.
 b - the +6 fustibalus "Exoizaeck" (weapon) {venom, Int+5}
   (You found it on level 6 of the Lair of Beasts)

   Any ammunition fired from it poisons the flesh of those it strikes.
   Int:       It affects your intelligence (+5).
 q - the +6 arbalest "Damnation" {damnation}
   (You found it on level 3 of the Elven Halls)

   Any ammunition fired from it explodes in a burst of damnation on striking a
   foe, dealing damage which bypasses armour.
 D - the +6 spear of Ifikump {venom, rF+ rC+ rN+ Str-5}
   (You took it off a deep elf zephyrmancer on level 3 of the Elven Halls)

   It poisons the flesh of those it strikes.
   Str:       It affects your strength (-5).
   rF:        It protects you from fire.
   rC:        It protects you from cold.
   rN:        It protects you from negative energy.
Missiles
 k - 128 sling bullets (quivered ammo)
 m - 1215 arrows
 u - 1212 bolts
 x - 6 silver javelins
 Q - 7 throwing nets
Armour
 d - a +0 cloak of stealth (worn)
 f - a +0 kite shield of reflection (worn)
 o - a +4 troll leather armour (melded)
 F - a +1 pair of boots of flying (melded)
 V - a +2 pair of gloves of strength (melded)
 X - a scarf of repulsion
Jewellery
 g - an amulet of the acrobat (around neck)
 j - a +6 ring of intelligence
 r - an amulet of regeneration
 s - a ring of resist corrosion
 E - a +6 ring of dexterity
 G - the ring of Ovaucw {rN+ Str+6 Int+6 Slay-3}
   (You took it off a deep elf archer on level 3 of the Elven Halls)

   [ring of positive energy]

   Str:       It affects your strength (+6).
   Int:       It affects your intelligence (+6).
   Slay:      It affects your accuracy & damage with ranged weapons and melee
   (-3).
   rN:        It protects you from negative energy.
 K - the ring of Basag (left fist) {rElec rN+ MP+9 Int+2}
   (You found it on level 4 of the Vaults)

   [ring of positive energy]

   Int:       It affects your intelligence (+2).
   rElec:     It insulates you from electricity.
   rN:        It protects you from negative energy.
   MP:        It affects your magic capacity (+9).
 N - the ring "Juwuxt" {rF+ rC+ Int-4 Dex+9 SInv}
   (You took it off a deep elf death mage on level 3 of the Elven Halls)

   [ring of protection from cold]

   Int:       It affects your intelligence (-4).
   Dex:       It affects your dexterity (+9).
   rF:        It protects you from fire.
   rC:        It protects you from cold.
   SInv:      It lets you see invisible.
 P - the ring "Deuc" (right fist) {AC+4 Dex+2}
   (You took it off a deep elf death mage on level 3 of the Elven Halls)

   [ring of protection]

   AC:        It affects your AC (+4).
   Dex:       It affects your dexterity (+2).
 Z - a ring of protection from fire
Wands
 p - a wand of acid (5)
 O - a wand of iceblast (18)
Scrolls
 h - 4 scrolls of fear
 i - 9 scrolls of enchant armour
 w - 2 scrolls of acquirement
 y - 6 scrolls of fog
 z - 19 scrolls of identify
 C - 6 scrolls of magic mapping
 H - 9 scrolls of immolation
 M - 6 scrolls of summoning
 W - a scroll of amnesia
Potions
 c - 5 potions of invisibility
 n - 4 potions of brilliance
 t - 7 potions of heal wounds
 v - 6 potions of might
 B - 18 potions of curing
 I - 3 potions of magic
 J - 6 potions of mutation
 Y - 6 potions of ambrosia
Miscellaneous
 e - a condenser vane
 R - a phantom mirror
 U - a lightning rod (4/4)


   Skills:
 - Level 10.0 Fighting
 - Level 6.0 Bows
 - Level 10.0 Armour
 - Level 7.0 Dodging
 - Level 2.4 Stealth
 * Level 10.0 Shields
 - Level 12.0 Spellcasting
 - Level 6.0 Conjurations
 - Level 20.0 Necromancy
 - Level 20.0 Transmutations
 - Level 10.0 Ice Magic
 - Level 6.0 Air Magic
 - Level 20.0 Earth Magic
 - Level 6.0 Poison Magic


You had 3 spell levels left.
You knew the following spells:

 Your Spells              Type           Power      Damage    Failure   Level
a - Borgnjor's Vile Clut  Necr/Erth      54%        N/A       1%          5
b - Stone Arrow           Conj/Erth      100%       3d13      1%          3
c - Statue Form           Tmut/Erth      72%        N/A       1%          6
d - Vampiric Draining     Necr           100%       2d13      1%          3
e - Mephitic Cloud        Conj/Pois/Air  63%        N/A       2%          3
f - Passwall              Tmut/Erth      90%        N/A       1%          2
g - Ozocubu's Armour      Ice            79%        N/A       1%          3
h - Dispel Undead         Necr           100%       3d31      1%          4
i - Petrify               Tmut/Erth      100%       N/A       1%          4
j - Necromutation         Tmut/Necr      54%        N/A       14%         8
z - Sublimation of Blood  Necr           100%       N/A       1%          2

Your spell library contained the following spells:

 Spells                   Type           Power      Damage    Failure   Level
 Animate Skeleton         Necr           100%       N/A       1%          1
 Beastly Appendage        Tmut           100%       N/A       1%          1
 Magic Dart               Conj           100%       1d8       1%          1
 Pain                     Necr           100%       1d9       1%          1
 Sandblast                Erth           100%       2d20      1%          1
 Sting                    Tmut/Pois      100%       1d8       1%          1
 Corpse Rot               Necr/Air       100%       N/A       1%          2
 Poisonous Vapours        Pois/Air       100%       N/A       1%          2
 Searing Ray              Conj           100%       2d8       1%          2
 Static Discharge         Conj/Air       63%        N/A       1%          2
 Wereblood                Tmut           100%       N/A       1%          2
 Frozen Ramparts          Ice            100%       1d12      1%          3
 Ignite Poison            Fire/Tmut/Pois 74%        N/A       1%          3
 Spider Form              Tmut/Pois      90%        N/A       1%          3
 Foxfire                  Conj/Fire      100%       2x1d9     3%          1
 Conjure Flame            Conj/Fire      46%        6-21      8%          3
 Dazzling Flash           Conj/Hex       92%        N/A       8%          3
 Slow                     Hex            92%        N/A       9%          1
 Summon Small Mammal      Summ           92%        N/A       9%          1
 Call Imp                 Summ           23%        N/A       12%         2
 Confusing Touch          Hex            23%        N/A       22%         3
 Gell's Gravitas          Tloc           23%        N/A       22%         3
 Inner Flame              Hex/Fire       23%        N/A       22%         3
 Lesser Beckoning         Tloc           23%        N/A       22%         3
 Summon Guardian Golem    Hex/Summ       23%        N/A       22%         3
 Teleport Other           Tloc           23%        N/A       22%         3
 Tukima's Dance           Hex            23%        N/A       22%         3
 Anguish                  Hex/Necr       39%        N/A       1%          4
 Animate Armour           Summ/Erth      100%       N/A       1%          4
 Animate Dead             Necr           54%        N/A       1%          4
 Leda's Liquefaction      Hex/Erth       39%        N/A       1%          4
 Agony                    Necr           100%       N/A       1%          5
 Blade Hands              Tmut           54%        N/A       1%          5
 Excruciating Wounds      Necr           54%        N/A       1%          5
 Irradiate                Conj/Tmut      45%        3d29      1%          5
 Lee's Rapid Deconstruct  Erth           54%        3d26*     1%          5
 Simulacrum               Ice/Necr       48%        N/A       3%          6
 Yara's Violent Unravell  Hex/Tmut       39%        3d16      4%          5
 Iron Shot                Conj/Erth      45%        9d9       6%          6
 Airstrike                Air            31%        N/A       7%          4
 Olgreb's Toxic Radiance  Pois           63%        N/A       7%          4
 Summon Ice Beast         Ice/Summ       58%        N/A       11%         4
 Freezing Cloud           Conj/Ice/Air   34%        6-21      12%         5
 Borgnjor's Revivificati  Necr           54%        N/A       14%         8
 Infestation              Necr           54%        N/A       14%         8
 Lightning Bolt           Conj/Air       31%        1d48      17%         5
 Flame Wave               Conj/Fire      46%        2d10      22%         4
 Fulminant Prism          Conj/Hex       23%        3d13      22%         4
 Iskenderun's Mystic Bla  Conj/Tloc      46%        2d10      22%         4
 Sticky Flame             Conj/Fire      46%        2d6       22%         4
 Summon Lightning Spire   Summ/Air       46%        N/A       22%         4
 Metabolic Englaciation   Hex/Ice        29%        N/A       26%         5
 Silence                  Hex/Air        23%        N/A       47%         5
 Cause Fear               Hex            11%        N/A       54%         4
 Passage of Golubria      Tloc           23%        N/A       54%         4
 Conjure Ball Lightning   Conj/Air       31%        3x3d10    65%         6
 Haunt                    Necr/Summ      39%        N/A       67%         7
 Ozocubu's Refrigeration  Ice            39%        4d12      67%         7
 Summon Mana Viper        Hex/Summ       23%        N/A       87%         5
 Death's Door             Necr           54%        N/A       87%         9
 Lehudib's Crystal Spear  Conj/Erth      45%        10d11     90%         8
 Malign Gateway           Summ/Tloc      11%        N/A       100%        7
 Monstrous Menagerie      Summ           11%        N/A       100%        7
 Summon Hydra             Summ           11%        N/A       100%        7
 Discord                  Hex            11%        N/A       100%        8
 Disjunction              Tloc           11%        N/A       100%        8
 Summon Horrible Things   Summ           11%        N/A       100%        8
 Polar Vortex             Ice            39%        N/A       100%        9


Dungeon Overview and Level Annotations

Branches:
Dungeon (15/15)            Temple (1/1) D:7            Lair (6/6) D:9
  Swamp (4/4) Lair:2       Spider (4/4) Lair:3        Slime (0/5) Lair:5
    Orc (2/2) D:10            Elf (3/3) Orc:2        Vaults (4/5) D:13
  Crypt (0/3) Vaults:2     Depths (0/4) D:15          IceCv (visited)

Altars:
Ashenzari
Cheibriados
Dithmenos
Elyvilon
Fedhas
Gozag
Hepliaklqana
Kikubaaqudgha
Makhleb
Nemelex Xobeh
Okawaru
Qazlal
Ru
Sif Muna
Trog
Uskayaw
Vehumet
Wu Jian
Xom
Yredelemnul
Zin
The Shining One
Beogh
Lugonu

Shops:
D:10 ([   D:13 (   Orc:1 [   Orc:2 =(?(   Elf:2 [   Elf:3 [

Portals:
Abyss: Lair:6

Annotations:
Swamp:3 Lernaean hydra
Elf:2 heteroy's ghost, adept GrFi


Innate Abilities, Weirdness & Mutations

You are a living statue of rough stone.
Your actions are slow, but your melee attacks are powerful.
You are resistant to unholy torment.
Your maximum health is greatly increased.
You are immune to poison.
Your equipment is partially melded.
You cannot be hasted, slowed, berserked, paralysed or teleported.
You can dig through walls and to a lower floor.
You have a pair of large antennae on your head. (SInv)
Your four strong arms can wield two-handed weapons with a shield.
You possess an exceptional clarity of mind.
Your mind is acute. (Int +2)
You are clumsy. (Dex -2)
Your spells are a little harder to cast, but a little more powerful.


Message History

The deep elf blademaster closely misses you. x2
The deep elf blademaster hits you with a +0 rapier!!
The deep elf blademaster hits you but does no damage.
The deep elf blademaster misses you.
The deep elf blademaster hits you with a +0 rapier.
Casting: Borgnjor's Vile Clutch (mildly dangerous; 1% risk of failure)
Confirm with . or Enter, or press ? or * to list all spells.
Aiming: Borgnjor's Vile Clutch (mildly dangerous; 1% risk of failure)
Press: ? - help, Shift-Dir - straight line, f - deep elf blademaster, p - deep elf blademaster
Aim: a deep elf blademaster, wielding two +0 rapiers and wearing a +0 leather armour (heavily wounded, berserk, 100% to hit)
Zombie hands grab the deep elf blademaster.
The zombie hands constrict the deep elf blademaster!!
The deep elf blademaster hits you with a +0 rapier!!
The deep elf blademaster barely misses you.
The deep elf blademaster hits you with a +0 rapier.
The deep elf blademaster hits you but does no damage. x2
The deep elf blademaster closely misses you.
The zombie hands constrict the deep elf blademaster!!
The deep elf blademaster struggles to escape constriction.
The deep elf blademaster rages.
The deep elf blademaster struggles to escape constriction. x3
The zombie hands constrict the deep elf blademaster!
The deep elf blademaster escapes!
The deep elf blademaster completely misses you.
The deep elf blademaster hits you with a +0 rapier!
Casting: Borgnjor's Vile Clutch (mildly dangerous; 1% risk of failure)
Confirm with . or Enter, or press ? or * to list all spells.
Aiming: Borgnjor's Vile Clutch (mildly dangerous; 1% risk of failure)
Press: ? - help, Shift-Dir - straight line, f/p - deep elf blademaster
Aim: a deep elf blademaster, wielding two +0 rapiers and wearing a +0 leather armour (severely wounded, berserk, 100% to hit)
Zombie hands grab the deep elf blademaster.
The zombie hands constrict the deep elf blademaster!
The deep elf blademaster hits you with a +0 rapier!!
You block the deep elf blademaster's attack.
The deep elf blademaster hits you but does no damage.
The deep elf blademaster misses you.
The deep elf blademaster hits you but does no damage.
The deep elf blademaster hits you with a +0 rapier.
You die...
Your body crumbles into a pile of gold.

#...................
#..#################
#..#................
#..#..........>.....
#..+..#####'########
#..#..#............#
#..#..#............)
#..#..#............#
#..8e..)...........#
###....©...........).#
##....#####....#####'##
#...###ee.###.........[
##..###{.....##.........
#...#..##.....#...######
#..##.##≈#....##....(..#
#..#...#..$....#.......#
#..#©...[_!##..#.......#


You could see 3 deep elf blademasters.

Vanquished Creatures
  Mlioglotl (Swamp:4)
  A tentacled monstrosity (Swamp:4)
  3 deep elf blademasters
  A deep elf master archer (Elf:3)
  An ancient champion (Vaults:2)
  2 sphinxes
  A thorn hunter (Swamp:3)
  A storm dragon (Vaults:3)
  Donald (Orc:2)
  Kirke (Elf:1)
  2 fenstrider witches
  6 vault wardens
  Aizul (Swamp:4)
  3 deep elf sorcerers
  A frost giant (Vaults:3)
  8 ghost moths
  4 orc warlords
  13 emperor scorpions
  6 deep elf elementalists (Elf:3)
  8 very ugly things
  9 ironbound preservers
  7 deep elf demonologists
  7 ironbound thunderhulks
  4 war gargoyles
  8 dire elephants
  3 broodmothers
  2 eleionomae
  3 bunyips
  9 entropy weavers
  4 deep elf annihilators (Elf:3)
  Azrael (D:13)
  2 spark wasps (Spider:4)
  8 deep elf death magi (Elf:3)
  An eidolon (Vaults:2)
  3 ettins
  2 crystal guardians
  5 deep elf high priests
  A great orb of eyes (Vaults:4)
  Josephine (D:13)
  2 shambling mangroves
  6 peacekeepers
  Harold (D:11)
  27 hydras
  11 yaktaur captains
  3 ogre magi
  6 vault guards
  9 ironbound frosthearts
  A jorogumo (Spider:1)
  8 boulder beetles
  8 centaur warriors
  Erica (D:9)
  2 catoblepae
  4 death knights
  A dancing weapon (D:6)
  2 radroaches (Spider:4)
  13 two-headed ogres
  A tengu warrior (D:15)
  2 thrashing horrors (Lair:6)
  A death scarab (Spider:4)
  9 alligators
  12 death yaks
  4 orc high priests (Orc:2)
  7 spriggans
  14 deep elf knights
  3 skeletal warriors
  A fire crab (Lair:5)
  8 pharaoh ants
  8 goliath frogs
  26 deep trolls
  13 steelbarb worms
  A death drake (Swamp:3)
  7 spriggan druids
  A glowing orange brain (Vaults:2)
  11 swamp dragons
  7 orb spiders
  13 ironbound convokers
  4 phantasmal warriors
  11 deep elf archers
  A shadow dragon zombie (Vaults:4)
  7 bog bodies
  4 lindwurms
  9 orc knights
  An obsidian statue (Vaults:1)
  The ghost of RichitheSlayer the Cleaver, a novice HOFi of Beogh (D:7)
  10 wizards
  7 harpies
  41 deep elf pyromancers
  23 deep elf zephyrmancers
  18 wolf spiders
  The ghost of Tinylith the Carver, a novice MiBe of Trog (D:6)
  6 necromancers
  6 orc sorcerers
  32 ugly things
  A faun (shapeshifter) (D:15)
  2 oklob plants
  4 will-o-the-wisps
  3 manticores
  A moth of wrath (Spider:2)
  5 cyclopes
  A large abomination (Lair:6)
  2 centaur zombies (D:11)
  A guardian serpent (shapeshifter) (Lair:6)
  A naga mage (D:15)
  16 vault sentinels
  9 elephants (Lair:5)
  3 black mambas
  A catoblepas zombie (Lair:3)
  9 demonic crawlers
  2 gargoyles
  A torpor snail (Spider:4)
  Psyche (D:8)
  An ice statue (IceCv)
  An unseen horror (D:10)
  15 cane toads
  2 death yak zombies
  2 human zombies
  Maggie (D:7)
  5 rime drakes
  A komodo dragon (shapeshifter) (Lair:6)
  8 freezing wraiths
  12 komodo dragons
  12 ice devils (IceCv)
  24 yaktaurs
  2 anaconda simulacra (IceCv)
  3 death yak skeletons (Lair:4)
  A tengu conjurer (D:15)
  A human skeleton (Vaults:2)
  A yaktaur skeleton (Vaults:2)
  3 meliai (Spider:3)
  2 ancient zymes (Lair:6)
  10 trolls
  5 tyrant leeches
  Prince Ribbit (D:5)
  4 polar bears
  6 dream sheep (Lair:6)
  A tarantella (shapeshifter) (D:14)
  8 hornets
  4 hydra skeletons
  22 tarantellas
  30 slime creatures
  25 blink frogs
  34 jumping spiders
  18 culicivoras
  An elf skeleton (Vaults:4)
  A black mamba zombie (Lair:3)
  A shadow (D:12)
  3 vampires
  2 air elementals (Elf:2)
  6 hogs (Elf:1)
  2 centaur simulacra (D:15)
  12 wraiths
  2 dire elephant simulacra (IceCv)
  59 yaks
  A water elemental (Elf:3)
  3 ynoxinuls (Lair:6)
  Eustachio (D:5)
  5 basilisks
  A basilisk (shapeshifter) (Lair:6)
  A black mamba skeleton (Lair:4)
  6 wyverns
  6 fire elementals
  69 redbacks
  A chaos spawn (Lair:6)
  3 death yak simulacra (IceCv)
  2 steam dragons
  4 vampire mosquitoes
  2 wargs
  23 swamp worms
  2 cane toad zombies (Lair:3)
  An acid dragon (D:13)
  2 hell hounds (D:13)
  19 water moccasins
  8 small abominations (Lair:6)
  A water moccasin (shapeshifter) (Elf:3)
  44 orc warriors
  6 cane toad skeletons
  10 swamp drakes
  2 sky beasts (D:8)
  2 black bears
  A hornet zombie (D:7)
  An ice beast (D:6)
  9 centaurs
  An elephant zombie (Lair:3)
  A blink frog zombie (Lair:3)
  A necrophage (D:5)
  17 wolves
  15 ogres
  2 phantoms
  A dream sheep skeleton (Lair:3)
  A blink frog skeleton (Lair:4)
  6 rime drake zombies
  2 kobold brigands (D:15)
  4 komodo dragon zombies
  18 bullfrogs
  7 cane toad simulacra
  A scorpion (D:6)
  3 komodo dragon skeletons
  A two-headed ogre simulacrum (IceCv)
  A gnoll sergeant (D:10)
  2 earth elementals
  3 water moccasin zombies (D:5)
  2 wyvern skeletons
  3 yak zombies (IceCv)
  2 polar bear zombies
  6 water moccasin skeletons
  4 elephant simulacra (IceCv)
  4 killer bees (D:10)
  3 wights (D:10)
  2 howler monkeys
  7 electric eels (D:11)
  2 yak skeletons (Lair:3)
  A lava snake (Lair:6)
  A bullfrog zombie (Lair:3)
  A basilisk zombie (Lair:3)
  A hound (D:6)
  31 orc priests
  5 bullfrog skeletons
  2 gnoll shamans
  A centaur skeleton (D:7)
  A basilisk skeleton (Lair:2)
  A troll simulacrum (IceCv)
  4 iguanas
  21 orc wizards
  2 polar bear simulacra (IceCv)
  6 wolf simulacra
  A killer bee zombie (D:6)
  2 hound skeletons (D:4)
  16 gnolls
  2 naga simulacra (IceCv)
  4 adders
  2 shadow imps
  3 white imps
  An ufetubus (D:5)
  An adder skeleton (D:4)
  4 dart slugs
  96 orcs
  2 bats (D:1)
  8 endoplasms
  A giant cockroach (D:4)
  4 goblins
  3 hobgoblins
  11 jackals
  8 kobolds
  2 quokkas
  9 ball pythons
  2 frilled lizards (D:1)
  11 rats
1627 creatures vanquished.

Vanquished Creatures (collateral kills)
  A redback (Elf:1)
1 creature vanquished.

Vanquished Creatures (others)
  22 dancing weapons
  An alligator (Swamp:4)
  A deep elf knight (Elf:1)
  A swamp drake (Swamp:1)
  5 electric eels (Lair:6)
  2 lava snakes (Lair:6)
  An orc wizard (Orc:2)
  A kobold (D:15)
  22 foxfires
  29 fungi
  85 plants
170 creatures vanquished.

Grand Total: 1798 creatures vanquished

Notes
Turn   | Place    | Note
-------+----------+-------------------------------------------
     0 | D:1      | DildoBatman the Formicid Conjurer began the quest for the
                  | Orb.
     0 | D:1      | Reached XP level 1. HP: 13/13 MP: 3/3
   217 | D:1      | Reached XP level 2. HP: 12/19 MP: 0/5
   220 | D:1      | Learned a level 2 spell: Searing Ray
   492 | D:1      | Reached XP level 3. HP: 16/24 MP: 2/6
   599 | D:1      | Found a faded altar of an unknown god.
   812 | D:2      | Reached XP level 4. HP: 30/30 MP: 5/7
   826 | D:2      | Reached skill level 5 in Conjurations
   939 | D:2      | Found a white marble altar of Elyvilon.
  1153 | D:2      | Learned a level 3 spell: Stone Arrow
  1741 | D:3      | Reached XP level 5. HP: 35/35 MP: 2/8
  1977 | D:3      | Found an opulent altar of Gozag.
  2712 | D:4      | Noticed a phantom
  3319 | D:4      | Noticed a bullfrog
  3506 | D:4      | Noticed an ogre
  3649 | D:5      | Entered Level 5 of the Dungeon
  3665 | D:5      | Reached XP level 6. HP: 42/42 MP: 0/9
  3757 | D:5      | Reached skill level 1 in Fighting
  3757 | D:5      | Reached skill level 1 in Armour
  3832 | D:5      | Noticed an ogre
  3999 | D:5      | Killed an ogre
  4105 | D:5      | Noticed an ogre
  4126 | D:5      | Killed an ogre
  4127 | D:5      | Reached XP level 7. HP: 50/50 MP: 6/13
  4183 | D:5      | Reached skill level 5 in Spellcasting
  4275 | D:5      | Noticed Prince Ribbit
  4398 | D:5      | Reached XP level 8. HP: 37/56 MP: 6/17
  4504 | D:5      | Learned a level 2 spell: Sublimation of Blood
  4507 | D:5      | Learned a level 2 spell: Wereblood
  4511 | D:5      | Learned a level 3 spell: Dazzling Flash
  4513 | D:5      | Noticed Eustachio
  4674 | D:5      | Reached skill level 1 in Earth Magic
  5955 | D:6      | Found a runed translucent door.
  5955 | D:6      | Found a shimmering altar of Xom.
  5955 | D:6      | Noticed Tinylith's ghost (novice MiBe)
  5957 | D:6      | Noticed a +3 spear of chaos
  6139 | D:7      | Found a staircase to the Ecumenical Temple.
  6148 | Temple   | Entered the Ecumenical Temple
  6481 | Temple   | Became a worshipper of Kikubaaqudgha
  6753 | D:3      | Reached skill level 5 in Earth Magic
  6971 | D:4      | Reached skill level 1 in Transmutations
  6971 | D:4      | Reached XP level 9. HP: 45/61 MP: 12/19
  7113 | D:5      | Killed Eustachio
  7164 | D:5      | Killed Prince Ribbit
  7165 | D:5      | Reached skill level 1 in Necromancy
  7460 | D:7      | Reached * piety under Kikubaaqudgha
  7460 | D:7      | Received a gift from Kikubaaqudgha
  7648 | D:7      | Noticed Maggie
  7662 | D:7      | Reached XP level 10. HP: 72/73 MP: 13/20
  7686 | D:7      | Reached skill level 5 in Fighting
  7686 | D:7      | Reached skill level 5 in Armour
  7691 | D:7      | Noticed a deep elf pyromancer
  7787 | D:7      | Killed a deep elf pyromancer
  8256 | D:7      | Noticed RichitheSlayer's ghost (novice HOFi)
  8257 | D:7      | Found a runed translucent gate.
  8257 | D:7      | Found a runed translucent gate.
  8257 | D:7      | Found a runed translucent gate.
  8298 | D:7      | Killed Maggie
  8655 | D:8      | Noticed Psyche
  9024 | D:8      | Noticed Erica
  9142 | D:9      | Found a staircase to the Lair.
  9169 | D:9      | Identified the +3 quarterstaff "Tijupoop" {flame, Int+2}
  9359 | D:9      | Noticed a two-headed ogre
  9635 | D:9      | Learned a level 4 spell: Petrify
  9709 | D:9      | Reached ** piety under Kikubaaqudgha
 10078 | D:10     | Entered Level 10 of the Dungeon
 10529 | D:10     | Noticed an unseen horror
 10559 | D:10     | Killed an unseen horror
 10831 | D:10     | Found Nedooggulicw's Weapon Shop.
 10832 | D:10     | Found a staircase to the Orcish Mines.
 10834 | D:10     | Found Hinos's Armour Shop.
 10873 | D:10     | Reached skill level 5 in Transmutations
 10873 | D:10     | Reached XP level 11. HP: 59/80 MP: 21/23
 10892 | D:10     | Noticed a two-headed ogre
 11152 | D:10     | Killed a two-headed ogre
 11153 | D:10     | Reached skill level 10 in Earth Magic
 11181 | D:10     | Found a glowing silver altar of Zin.
 11976 | D:9      | Killed a two-headed ogre
 12007 | D:9      | Killed Erica
 12221 | D:8      | Killed Psyche
 12366 | D:11     | Noticed Harold
 12396 | D:11     | Killed Harold
 12566 | D:11     | Noticed a four-headed hydra
 12570 | D:11     | Noticed a two-headed ogre
 12603 | D:11     | Noticed a two-headed ogre
 13178 | D:11     | Noticed a cyclops
 13243 | D:11     | Killed a two-headed ogre
 13270 | D:11     | Reached XP level 12. HP: 89/89 MP: 17/24
 13347 | D:11     | Killed a two-headed ogre
 13348 | D:11     | Reached skill level 5 in Necromancy
 13391 | D:11     | Killed a four-headed hydra
 14156 | D:11     | Noticed a boulder beetle
 14231 | Orc:1    | Entered Level 1 of the Orcish Mines
 14569 | Orc:1    | Found Toto's Antique Armour Emporium.
 14799 | Orc:1    | Gained mutation: Your spells are a little harder to cast,
                  | but a little more powerful. [potion of mutation]
 14799 | Orc:1    | Gained mutation: You are strong-willed. (Will+) [potion of
                  | mutation]
 14799 | Orc:1    | Lost mutation: Your spells are a little harder to cast, but
                  | a little more powerful. [potion of mutation]
 14799 | Orc:1    | Gained mutation: You passively map a small area around you.
                  | [potion of mutation]
 14800 | Orc:1    | Lost mutation: You are strong-willed. (Will+) [potion of
                  | mutation]
 14800 | Orc:1    | Lost mutation: You passively map a small area around you.
                  | [potion of mutation]
 14800 | Orc:1    | Gained mutation: You are clumsy. (Dex -2) [potion of
                  | mutation]
 14800 | Orc:1    | Gained mutation: You have hidden genetic potential. [potion
                  | of mutation]
 14807 | Orc:2    | Entered Level 2 of the Orcish Mines
 14855 | Orc:2    | Reached *** piety under Kikubaaqudgha
 14855 | Orc:2    | Received a gift from Kikubaaqudgha
 14897 | Orc:2    | Noticed a two-headed ogre
 14980 | Orc:2    | Learned a level 5 spell: Borgnjor's Vile Clutch
 15018 | Orc:2    | Noticed an ogre mage
 15028 | Orc:2    | Killed an ogre mage
 15249 | Orc:2    | Reached **** piety under Kikubaaqudgha
 15306 | Orc:2    | Killed a two-headed ogre
 15335 | Orc:2    | Noticed a two-headed ogre
 15341 | Orc:2    | Killed a two-headed ogre
 15598 | Orc:2    | Found a staircase to the Elven Halls.
 15698 | Orc:2    | Noticed Donald
 15915 | Orc:2    | Reached XP level 13. HP: 63/95 MP: 25/25
 15975 | Orc:2    | Reached skill level 10 in Necromancy
 16090 | Orc:2    | Noticed an orc warlord
 16118 | Orc:2    | Killed an orc warlord
 16394 | Orc:2    | Killed Donald
 16441 | Orc:2    | Reached ***** piety under Kikubaaqudgha
 16457 | Orc:2    | Gained mutation: Your mind is acute. (Int +2) [hidden
                  | potential]
 16459 | Orc:2    | Found Hemeukuu's Antique Weapon Boutique.
 16540 | Orc:2    | Reached skill level 5 in Shields
 16591 | Orc:2    | Found Janon's Magic Scroll Shop.
 16599 | Orc:2    | Bought a scroll of summoning for 142 gold pieces
 16599 | Orc:2    | Bought a scroll of magic mapping for 52 gold pieces
 16599 | Orc:2    | Bought a scroll of immolation for 52 gold pieces
 16599 | Orc:2    | Bought a scroll of identify for 30 gold pieces
 16610 | Orc:2    | Noticed an ettin
 16630 | Orc:2    | Killed an ettin
 16751 | Orc:2    | Found Kisheon's Jewellery Shop.
 16921 | Orc:2    | Found Guummoo's Weapon Shoppe.
 17418 | D:10     | Learned a level 4 spell: Dispel Undead
 17594 | D:11     | Identified the +0 leather armour "Lous" {rC+ Str+4}
 17644 | D:11     | Killed a boulder beetle
 17645 | D:11     | Reached skill level 5 in Dodging
 17734 | D:10     | Bought a +1 pair of boots of flying for 181 gold pieces
 17945 | D:12     | Reached XP level 14. HP: 98/103 MP: 16/26
 18207 | D:12     | Found a basalt altar of Yredelemnul.
 18218 | D:12     | Gained mutation: You have great hidden genetic potential.
                  | [hidden potential]
 18218 | D:12     | Lost mutation: You have great hidden genetic potential.
                  | [hidden potential expressed]
 18621 | D:7      | Killed RichitheSlayer's ghost
 18716 | D:6      | Killed Tinylith's ghost
 18790 | Lair:1   | Entered Level 1 of the Lair of Beasts
 18938 | Lair:1   | You are sucked into a shaft and drop 1 floor!
 19008 | Lair:2   | Identified the +1 robe of Masochism {Will++}
 19067 | Lair:2   | Found a staircase to the Swamp.
 19252 | Lair:2   | Reached ****** piety under Kikubaaqudgha
 19255 | Lair:2   | Received a gift from Kikubaaqudgha
 19455 | D:3      | Fell from the grace of Kikubaaqudgha
 19455 | D:3      | Became a worshipper of Gozag Ym Sagoz the Greedy
 20568 | Lair:3   | Found an ornate altar of the Wu Jian Council.
 20889 | Lair:3   | Identified the +3 spear of Abuse {flame, rN++}
 21013 | Lair:3   | Found a hole to the Spider Nest.
 21106 | Lair:3   | Learned a level 3 spell: Mephitic Cloud
 21183 | Lair:3   | Reached skill level 1 in Poison Magic
 21188 | Lair:3   | Reached skill level 1 in Air Magic
 21285 | Lair:3   | Reached skill level 10 in Armour
 21314 | Lair:3   | Reached skill level 10 in Fighting
 21314 | Lair:3   | Reached XP level 15. HP: 100/115 MP: 17/27
 21634 | Lair:3   | Gained mutation: You possess an exceptional clarity of
                  | mind. [hidden potential]
 21654 | Lair:3   | Reached skill level 5 in Poison Magic
 22682 | Lair:4   | Found a frozen archway.
 22876 | IceCv    | Entered an ice cave
 22885 | IceCv    | Reached skill level 5 in Air Magic
 23051 | IceCv    | Was forgiven by Kikubaaqudgha
 23184 | IceCv    | Found an ancient bone altar of Kikubaaqudgha.
 23520 | IceCv    | Got Heoty's Volume of Ghastly Ice
 25026 | Lair:5   | Reached XP level 16. HP: 118/122 MP: 27/29
 25143 | Lair:5   | Found a staircase to the Slime Pits.
 25550 | Lair:6   | Entered Level 6 of the Lair of Beasts
 25563 | Lair:6   | Reached skill level 10 in Spellcasting
 25573 | Lair:6   | Gained mutation: Your spells are a little harder to cast,
                  | but a little more powerful. [hidden potential]
 25573 | Lair:6   | Lost mutation: You have hidden genetic potential. [hidden
                  | potential expressed]
 26469 | Lair:6   | Reached skill level 15 in Earth Magic
 26759 | Lair:6   | Found a corrupted altar of Lugonu.
 26759 | Lair:6   | Found a one-way gate to the infinite horrors of the Abyss.
 26771 | Lair:6   | Identified the +6 fustibalus "Exoizaeck" {venom, Int+5}
 28032 | D:13     | Noticed Josephine
 28038 | D:13     | Killed Josephine
 28247 | D:13     | Found a gate to the Vaults.
 28357 | D:13     | Found Otifiu Dyax's Weapon Emporium.
 28454 | D:13     | Noticed Azrael
 28461 | D:13     | Killed Azrael
 28512 | D:13     | Learned a level 3 spell: Vampiric Draining
 28608 | D:13     | Learned a level 6 spell: Statue Form
 28653 | D:13     | Reached XP level 17. HP: 76/128 MP: 22/33
 30002 | D:15     | Entered Level 15 of the Dungeon
 30279 | D:15     | Identified the +1 leather armour of Baldness {rElec Str+2
                  | Stlth+}
 30741 | D:15     | Found a staircase to the Depths.
 31224 | Spider:1 | Entered Level 1 of the Spider Nest
 32465 | Spider:2 | Reached XP level 18. HP: 100/134 MP: 30/34
 33108 | Spider:2 | Reached skill level 10 in Transmutations
 34378 | Spider:3 | Learned a level 3 spell: Ozocubu's Armour
 34602 | Spider:3 | Reached skill level 1 in Ice Magic
 35336 | Spider:4 | Entered Level 4 of the Spider Nest
 35663 | Spider:4 | Found the +8 storm bow {elec, penet}
 35950 | Spider:4 | Reached skill level 1 in Bows
 36464 | Spider:4 | Reached XP level 19. HP: 123/140 MP: 35/35
 36749 | Spider:4 | Reached skill level 5 in Ice Magic
 37272 | Spider:4 | Got a gossamer rune of Zot
 37789 | Swamp:1  | Entered Level 1 of the Swamp
 38376 | Swamp:1  | Identified a scroll of acquirement
 38728 | Swamp:2  | Reached skill level 5 in Bows
 40398 | Swamp:4  | Entered Level 4 of the Swamp
 40446 | Swamp:4  | Reached XP level 20. HP: 147/147 MP: 36/36
 40616 | Swamp:4  | Noticed Aizul
 41000 | Swamp:4  | Noticed Mlioglotl
 41000 | Swamp:4  | Noticed a tentacled monstrosity
 41105 | Swamp:4  | Killed a tentacled monstrosity
 41205 | Swamp:4  | Killed Mlioglotl
 41320 | Swamp:4  | Noticed the 27-headed Lernaean hydra
 41477 | Swamp:4  | Reached skill level 15 in Necromancy
 41518 | Swamp:4  | Killed Aizul
 41626 | Swamp:4  | Got a decaying rune of Zot
 41883 | Vaults:1 | Entered Level 1 of the Vaults
 42280 | Vaults:1 | Reached skill level 10 in Ice Magic
 43346 | Vaults:1 | Identified the +0 ring mail of the Butterfly {rPois}
 44087 | Vaults:2 | Reached XP level 21. HP: 145/153 MP: 27/37
 44875 | Vaults:2 | Found a staircase to the Crypt.
 45092 | Vaults:2 | Learned a level 2 spell: Passwall
 45103 | Vaults:2 | You are sucked into a shaft and drop 2 floors!
 45393 | Vaults:3 | You are sucked into a shaft and drop 1 floor!
 46625 | Vaults:4 | Identified the ring of Basag {rElec rN+ MP+9 Int+2}
 46904 | Vaults:3 | Reached XP level 22. HP: 108/159 MP: 16/38
 47191 | Vaults:3 | Learned a level 8 spell: Necromutation
 48150 | Vaults:2 | Reached skill level 15 in Transmutations
 49528 | Elf:1    | Entered Level 1 of the Elven Halls
 49653 | Elf:1    | Noticed Kirke
 49685 | Elf:1    | Killed Kirke
 49850 | Elf:1    | Got the Handbook of the Entourage
 50617 | Elf:2    | Found Moideg's Antique Armour Shop.
 50768 | Elf:2    | Found a runed translucent gate.
 50770 | Elf:2    | Found a runed translucent gate.
 50800 | Elf:2    | Found a runed translucent gate.
 50912 | Elf:2    | Noticed heteroy's ghost (adept GrFi)
 50986 | Elf:2    | Found a transporter.
 50987 | Elf:2    | Found a bloodstained altar of Trog.
 50994 | Elf:2    | Found a transporter.
 51427 | Elf:2    | Reached XP level 23. HP: 165/165 MP: 33/39
 51780 | Elf:3    | Entered Level 3 of the Elven Halls
 52017 | Elf:3    | Found Nacuhunk's Armour Shop.
 52361 | Elf:3    | Identified the +6 quarterstaff "Appaul" {antimagic, rN+
                  | Str+4}
 52361 | Elf:3    | Identified the +0 leather armour of the Past {Dex+4}
 52361 | Elf:3    | Identified the ring of Ovaucw {rN+ Str+6 Int+6 Slay-3}
 52852 | Elf:3    | Identified the +1 leather armour "Tuckael" {Int+6}
 52852 | Elf:3    | Identified the ring "Juwuxt" {rF+ rC+ Int-4 Dex+9 SInv}
 52916 | Elf:3    | Identified the +2 rapier "Xono" {venom, Stlth+}
 52962 | Elf:3    | Identified the ring "Deuc" {AC+4 Dex+2}
 52985 | Elf:3    | Identified the +6 spear of Ifikump {venom, rF+ rC+ rN+
                  | Str-5}
 53113 | Elf:3    | Found the +6 arbalest "Damnation" {damnation}
 53119 | Elf:3    | Found the +3 hat of Pondering {ponderous, Will+ MP+10
                  | Int+5}
 53144 | Elf:3    | Got Teptaefudi's Almanac of the Compass and the Entourage
 53739 | Elf:2    | Reached skill level 10 in Shields
 53861 | Elf:2    | HP: 2/211 [deep elf blademaster (28)]
 53861 | Elf:2    | Slain by a deep elf blademaster

Illustrated notes

Levels and vault maps discovered:
D:1:      scummos_arrival_checkerplants, layout_rooms,
          hellmonk_ecumenical_altar_arch_garden
D:2:      minmay_wonky_spiral, layout_loops_cross, basic_altar
D:3:      layout_loops_corners, grunt_gozag_breadcrumbs
D:4:      layout_basic, serial_rivers, chequers_serial_rivers_small_b,
          chequers_serial_rivers_room_a, chequers_serial_rivers_micro_b,
          chequers_serial_rivers_small_3, chequers_serial_rivers_large_b
D:5:      layout_loops_ring, uniq_eustachio, uniq_prince_ribbit1
D:6:      layout_cave_pods, ebering_ghost_xom
D:7:      layout_rooms, minmay_temple_entry_antechambers,
          biasface_ghost_orc_armoury, uniq_maggie
D:8:      layout_basic, uniq_psyche, uniq_erica
D:9:      layout_rooms, lair_entry_dummy, bh_walls_and_bars
D:10:     layout_long_grid, zin_scriptorium, orc_david_3
D:11:     minmay_razor_zed, layout_basic, gauntlet_entry_generic, uniq_harold
D:12:     layout_cave_pools, yredelemnul_altar_generic
D:13:     layout_roguey, david_vaults_4, serial_shops, nicolae_shop_stone,
          uniq_josephine, uniq_azrael
D:14:     layout_small_grid
D:15:     hangedman_depths_entry_try_elsewhere_first, layout_loops_corners,
          minmay_misc_feat_enclosed, minmay_unpleasant_kobolds
Temple:   mainiacjoe_temple_cubbyholes
Lair:1:   layout_regular_city
Lair:2:   layout_gridlike, minmay_swamp_entry_reptiles, beast_lair_carwin_7
Lair:3:   nzn_winding_woodlands_stair_trap [nzn_winding_woodlands_5x15_cabin,
          nzn_winding_woodlands_5x15_longhouse,
          nzn_winding_woodlands_5x15_river_crossing,
          nzn_winding_woodlands_15x15_five_gardens,
          nzn_winding_woodlands_5x15_pathside_ponds,
          nzn_winding_woodlands_5x15_twine,
          nzn_winding_woodlands_5x15_concentric], layout_chaotic_city,
          spider_nest_entry_rubble, basic_altar, chequers_serial_rivers_large_a,
          serial_bayou_shore_b, serial_bayou_shore_b, serial_bayou_shore_b
Lair:4:   layout_cave_pods, portal_ice_cave_entry_ice_simulacra, minivault_11,
          grunt_megastairs_2
Lair:5:   layout_long_grid, minmay_slime_entry_oklob_enclosed,
          grunt_megastairs_4
Lair:6:   hellmonk_lair_end_abyssal_woods, layout_layer_cave,
          nicolae_lair_liquid_snakes
Swamp:1:  layout_basic_swamp, evilmike_swamp_ruin_house_3, hangedman_swamp_lotus
Swamp:2:  nicolae_swamp_ascending_descending_big, layout_falls_marsh,
          nicolae_swamp_fairy_circle, infiniplex_staircase_pool_2
Swamp:3:  nicolae_swamp_standing_stones, layout_basic_swamp,
          nicolae_swamp_decorative_isthmus
Swamp:4:  swamp_old_school, layout_basic_swamp, uniq_mlioglotl, uniq_aizul
Spider:1: layout_spider_delve, nicolae_spider_shape
Spider:2: layout_chambers
Spider:3: layout_cave_pods
Spider:4: grunt_spider_rune_circles
Orc:1:    layout_diamond_mine, serial_shops, shop
Orc:2:    pubby_orc_utopia, uniq_donald
Elf:1:    elf_arrival_002, layout_loops_cross, serial_glass, glass_columns_a,
          glass_columns_a, glass_columns_b, glass_columns_a,
          minmay_elf_demonology, nicolae_elf_v_pinch, drop_trap, kb_rosetta,
          uniq_kirke
Elf:2:    nicolae_elf_blades_splatter_lattice
          [nicolae_blade_entry_area_security], layout_onion_city, serial_shops,
          nicolae_shop_crystal, gammafunk_ghost_wrathful_warriors,
          grunt_ministairs_8
Elf:3:    minmay_elf_hall_curves, layout_loops_cross, serial_shops, shop
Vaults:1: hangedman_vaults_maws, nicolae_vaults_statue_guard,
          grunt_vaults_focal, hangedman_vaults_nails,
          nicolae_vaults_windows_and_doors_thing, ontoclasm_vaults_pinch,
          vaults_room_grunt_arrival_ludios, nicolae_vaults_mini_display_case,
          layout_vaults_quadrants
Vaults:2: v_rooms_2, nicolae_vaults_big_ls, ontoclasm_vaults_eye,
          nicolae_vaults_network_quincunx
          [nicolae_vaults_network_quincunx_subvault,
          nicolae_vaults_network_quincunx_subvault,
          nicolae_vaults_network_quincunx_subvault,
          nicolae_vaults_network_quincunx_subvault,
          nicolae_vaults_network_quincunx_subvault], v_alt_pattern_6, v_misc_23,
          nicolae_vaults_little_squares_1, v_pattern_5,
          nicolae_vaults_little_squares_1, nicolae_vaults_little_squares_4,
          nicolae_vaults_big_angled_halls, minmay_crypt_entry_simple_box,
          layout_vaults_omnicross
Vaults:3: v_misc_8, vaults_room_semicircle, nicolae_vaults_big_angled_halls,
          nicolae_vaults_network_star, v_misc_31, ontoclasm_vaults_ligature,
          vaults_dpeg_encased_lava, nicolae_vaults_shelves_hall,
          nicolae_vaults_ninety_degrees, st_cross, v_misc_17,
          nicolae_vaults_little_squares_4, layout_vaults_ring
Vaults:4: v_misc_30, nicolae_vaults_shelves_hall, nicolae_vaults_network_s,
          nicolae_vaults_circle_grid_b, vaults_room_pools, v_pattern_4,
          v_alt_pattern_6, vaults_dpeg_diagonal, vaults_room_guarded_vault,
          ontoclasm_vaults_gateway, layout_vaults_chaotic_city

Skill      XL: |  1  2  3  4  5  6  7  8  9 10 11 12 13 14 15 16 17 18 19 20 21 22 23 |
---------------+----------------------------------------------------------------------+-----
Conjurations   | 4 5 6 |  6.0
Fighting       | 2 4 5 6 7 10 | 10.0
Armour         | 2 4 5 6 7 10 | 10.0
Spellcasting   | 4 6 7 8 9 12 | 12.0
Earth Magic    | 5 6 9 10 12 13 16 20 | 20.0
Transmutations | 1 4 5 6 8 12 17 20 | 20.0
Dodging        | 3 4 5 7 |  7.0
Necromancy     | 2 4 9 12 14 17 20 | 20.0
Shields        | 9 10 | 10.0
Poison Magic   | 2 6 |  6.0
Air Magic      | 1 6 |  6.0
Ice Magic      | 4 8 10 | 10.0
Bows           | 2 6 |  6.0
Stealth        | |  2.4

Action                   |  1- 3 |  4- 6 |  7- 9 | 10-12 | 13-15 | 16-18 | 19-21 | 22-24 || total
-------------------------+-------+-------+-------+-------+-------+-------+-------+-------++-------
Melee: Unarmed           |    15 |       |       |       |       |       |       |       ||    15
       Spear             |     7 |       |       |       |    71 |       |       |       ||    78
       Flail             |       |       |    24 |    12 |       |       |       |       ||    36
       Punch             |       |       |     1 |     1 |     3 |       |       |       ||     5
       Quarterstaff      |       |       |       |   109 |   326 |    33 |       |       ||   468
       Halberd           |       |       |       |       |    64 |    55 |       |       ||   119
       Scimitar          |       |       |       |       |       |    35 |     9 |       ||    44
 Fire: Hunting sling     |    20 |    54 |    20 |     3 |       |       |       |       ||    97
       Fustibalus        |       |       |       |       |       |   475 |   590 |   328 ||  1393
       Longbow           |       |       |       |       |       |    32 |    83 |    31 ||   146
Throw: Dart              |       |       |       |     3 |       |       |       |       ||     3
       Stone             |       |       |       |     2 |       |       |       |       ||     2
       Throwing net      |       |       |       |     4 |       |       |       |       ||     4
 Cast: Magic Dart        |    28 |    14 |    13 |    26 |       |       |       |       ||    81
       Searing Ray       |     3 |    25 |    54 |    81 |     3 |       |       |       ||   166
       Sublimation of Bl |       |       |     1 |    14 |    87 |    86 |   113 |    57 ||   358
       Stone Arrow       |       |       |     3 |    59 |    13 |     8 |    24 |    21 ||   128
       Wereblood         |       |       |     1 |       |     1 |       |       |       ||     2
       Petrify           |       |       |       |    23 |     4 |       |       |       ||    27
       Dazzling Flash    |       |       |       |     5 |       |       |       |       ||     5
       Borgnjor's Vile C |       |       |       |    33 |   329 |   400 |   410 |   233 ||  1405
       Dispel Undead     |       |       |       |       |    17 |    17 |     5 |     3 ||    42
       Mephitic Cloud    |       |       |       |       |       |     7 |    16 |    16 ||    39
       Ozocubu's Armour  |       |       |       |       |       |     4 |    20 |     5 ||    29
       Statue Form       |       |       |       |       |       |     3 |    15 |     4 ||    22
       Vampiric Draining |       |       |       |       |       |     3 |     6 |       ||     9
Invok: Receive Forbidden |       |       |       |       |     1 |       |       |       ||     1
       Potion Petition   |       |       |       |       |       |     1 |       |       ||     1
 Abil: Dig               |       |     3 |     1 |     4 |     3 |     2 |       |     1 ||    14
       End Transformatio |       |       |       |       |       |     3 |     9 |     1 ||    13
       Shaft Self        |       |       |       |       |       |       |     1 |       ||     1
Evoke: Wand              |       |       |       |     6 |       |       |       |       ||     6
       Lightning rod     |       |       |       |       |       |       |     2 |       ||     2
       Phantom mirror    |       |       |       |       |       |       |     1 |       ||     1
  Use: Scroll            |       |       |       |    13 |     2 |    12 |    13 |     2 ||    42
       Potion            |       |       |       |     2 |     2 |     4 |     1 |       ||     9
 Stab: Petrified         |       |       |       |    21 |     6 |       |       |       ||    27
       Distracted        |       |       |       |       |     1 |     2 |       |       ||     3
Armor: Robe              |     6 |     3 |       |       |       |       |       |       ||     9
       Leather armour    |       |       |     5 |    33 |       |       |       |       ||    38
       Acid dragon scale |       |       |       |     3 |       |       |       |       ||     3
       Steam dragon scal |       |       |       |    12 |       |       |       |       ||    12
       Troll leather arm |       |       |       |    18 |   150 |   182 |   126 |    54 ||   530
       Skin              |       |       |       |       |       |    20 |   121 |    35 ||   176
Dodge: Dodged            |    21 |    41 |    76 |   332 |   296 |   346 |   319 |   154 ||  1585
       Repelled          |       |       |       |       |       |       |    15 |     6 ||    21
Block: Kite shield       |       |       |       |       |   302 |   335 |   288 |   121 ||  1046
       Reflection        |       |       |       |       |     4 |    10 |    37 |    23 ||    74
